 Dungeon Crawl Stone Soup version 0.17-a0-1954-g0dddeaa (webtiles) character file.

248 achirane the Ruffian (level 5, -16/46 HPs)
             Began as a Troll Transmuter on Oct 3, 2015.
             Demolished by an ogre
             ... wielding a +0 giant club
              (24 damage)
             ... on level 4 of the Dungeon.
             The game lasted 00:05:57 (537 turns).

achirane the Ruffian (Troll Transmuter)              Turns: 537, Time: 00:05:58

Health: -16/46     AC:  5    Str: 19    XL:     5   Next: 86%
Magic:  4/5        EV: 10    Int:  9    God:
Gold:   59         SH:  0    Dex: 12    Spells: 1 memorised, 5 levels left

rFire  . . .     SeeInvis .       - Unarmed
rCold  . . .     Clarity  .     b - +0 robe
rNeg   . . .     SustAt   .     (no shield)
rPois  .         Gourm    +     (helmet restricted)
rElec  .         Spirit   .     (no cloak)
rCorr  .         Warding  .     (gloves unavailable)
rMut   .         Stasis   .     (boots unavailable)
MR     .....                    (no amulet)
Stlth  +.........               (no ring)
                                i - +2 ring of dexterity

@: appendage (expiring), not resistant to hostile enchantments, very unstealthy
A: unfitting armour, claws 3, horns 2, fast metabolism 3, gourmand, regeneration
2, shaggy fur 1, tough skin 2
a: End Transformation


You were on level 4 of the Dungeon.
You were full.
You had grown temporary horns.
You visited 1 branch of the dungeon, and saw 4 of its levels.

You collected 59 gold pieces.

Inventory:

Missiles
 a - 32 arrows
Armour
 b - a +0 robe (worn)
Jewellery
 i - a +2 ring of dexterity (left claw)
   (You found it on level 2 of the Dungeon)
Scrolls
 e - a scroll of blinking {unknown}
 f - a scroll of remove curse {unknown}
 h - a scroll of magic mapping {unknown}
 j - a scroll of enchant armour {unknown}
 m - a scroll of recharging {unknown}
Potions
 g - a potion of curing
 l - a potion of heal wounds {unknown}
Books
 c - a book of Changes
Comestibles
 d - 2 bread rations {@e1}
 k - a beef jerky


   Skills:
 - Level 0.7 Fighting
 - Level 1.5 Dodging
 * Level 5.7 Unarmed Combat
 - Level 1.2 Spellcasting
 + Level 2.8 Transmutations


You had 5 spell levels left.
You knew the following spells:

 Your Spells              Type           Power        Failure   Level  Hunger
a - Beastly Appendage     Trmt           #.....       12%         1    ##.....


Dungeon Overview and Level Annotations

Branches:
Dungeon (4/15)
 Temple: D:4-7

Altars:
The Shining One

Annotations:
D:4 Dowan


Innate Abilities, Weirdness & Mutations

You are too large for most types of armour.
You have claws for hands.
Your metabolism is lightning-fast.
You like to eat raw meat.
You heal very quickly.
You are covered in fur (AC +1).
You have very tough skin (AC +2).
You have a pair of horns on your head.


Message History

The orc priest is heavily wounded.
The orc barely misses you.
You completely miss the orc priest.
The orc priest is heavily wounded.
The orc priest hits you with a hand axe.
The orc hits you but does no damage. The orc closely misses you.
You take 5 damage, and have 32/46 hp.
You closely miss the orc priest. You headbutt the orc priest.
You kill the orc priest!
The orc closely misses you.
You scratch the orc.
The orc is heavily wounded.
The orc misses you. The orc barely misses you.
You claw the orc!
You kill the orc!
The orc hits you with a whip.
You take 3 damage, and have 30/46 hp.
You claw the orc!
You kill the orc!
Your transformation is almost over.
Things that are here:
a mace; an orc corpse You butcher the orc corpse.
m - 4 chunks of flesh {@w0} You see here a mace.
Eating one of 4 chunks of flesh {@w0}.
This raw flesh tastes great.
You continue eating.
Magic restored.
You continue eating.
You regained 2 hp, and now have 34/46 hp.
MP restored: 5 Eating one of 3 chunks of flesh {@w0}.
This raw flesh tastes great.
You continue eating. x2
Eating one of 2 chunks of flesh {@w0}.
This raw flesh tastes great.
Your horns disappear.
You continue eating. x2
You regained 2 hp, and now have 37/46 hp.
Eating a chunk of flesh {@w0}.
This raw flesh tastes great.
You continue eating. x2
You regained 2 hp, and now have 39/46 hp.
There is a stone staircase leading up here.
m - a scroll labeled JAOQ INYICYGYZ Health restored: 46 An adder comes into view.
You see here 9 gold pieces.
You now have 45 gold pieces (gained 9).
You scratch the adder.
The adder is moderately wounded.
The adder bites you but does no damage. The adder bites you.
You take 2 damage, and have 44/46 hp.
You scratch the adder.
The adder is heavily wounded.
The adder bites you but does no damage.
You claw the adder!
You kill the adder!
You see here an adder corpse.
Health restored: 46
Found a stone staircase leading down.
You open the door.
Found a glowing golden altar of the Shining One.
There is an open door here.
You now have 59 gold pieces (gained 14).
A quokka comes into view.
You claw the quokka!
You kill the quokka!
You see here a quokka corpse.
An ogre comes into view. It is wielding a giant club.
The ogre shouts!
Read which item? (? for menu, Esc to quit)
Okay, then.
Drink which item? (? for menu, Esc to quit)
Okay, then.
Casting: Beastly Appendage
Confirm with . or Enter, or press ? or * to list all spells.
You grow a pair of large bovine horns.
Your transformation is almost over.
You now have 4/5 mp.
You claw the ogre!
The ogre is heavily wounded.
The ogre hits you with a giant club!!
Ouch! That really hurt!
You take 26 damage, and have 20/46 hp.
MASSIVE DAMAGE!!
You scratch the ogre but do no damage.
The ogre is heavily wounded.
You barely miss the ogre. You headbutt the ogre!
The ogre is severely wounded.
The ogre hits you with a giant club.
You take 2 damage, and have 19/46 hp.
You scratch the ogre.
The ogre is almost dead.
The ogre hits you with a giant club!
* * * LOW HITPOINT WARNING * * *
You take 12 damage, and have 7/46 hp.
MASSIVE DAMAGE!!
You scratch the ogre.
The ogre is almost dead.
You barely miss the ogre. Your headbutt misses the ogre.
The ogre is almost dead.
The ogre hits you with a giant club!!
Ouch! That really hurt!
You die...

........# #.# ##.###..#
#.# #..# #.###### #..#
##.#....# #..###
#.......#####....#
#..#...........#.#
#.###..#.###########†#
#....O@...............#
######.#.##############
#.#.# #####


You could see an ogre.

Vanquished Creatures
  Duvessa (D:4)
  A scorpion (D:4)
  An orc priest (D:4)
  A worker ant (D:4)
  2 adders
  An adder skeleton (D:4)
  2 orcs (D:4)
  3 bats
  3 giant cockroaches
  2 goblins (D:1)
  A hobgoblin (D:2)
  A kobold (D:2)
  3 quokkas (D:4)
  A giant gecko (D:2)
  A quokka skeleton (D:4)
  A rat (D:1)
25 creatures vanquished.

Notes
Turn   | Place    | Note
--------------------------------------------------------------
     0 | D:1      | achirane the Troll Transmuter began the quest for the Orb.
     0 | D:1      | Reached XP level 1. HP: 18/18 MP: 1/1
   149 | D:2      | Reached XP level 2. HP: 26/26 MP: 2/2
   200 | D:4      | Reached skill level 4 in Unarmed Combat
   200 | D:4      | Reached XP level 3. HP: 18/32 MP: 3/3
   228 | D:4      | Reached skill level 2 in Transmutations
   231 | D:4      | Noticed a scorpion
   238 | D:4      | Killed a scorpion
   238 | D:4      | Reached XP level 4. HP: 32/40 MP: 2/4
   291 | D:4      | Noticed Dowan
   292 | D:4      | Noticed Duvessa
   317 | D:4      | HP: 10/40 [Duvessa/short sword of protection (7)]
   320 | D:4      | Killed Duvessa
   320 | D:4      | Reached skill level 5 in Unarmed Combat
   320 | D:4      | Reached XP level 5. HP: 11/46 MP: 3/5
   470 | D:4      | Found a glowing golden altar of the Shining One.
   528 | D:4      | Noticed an ogre
   535 | D:4      | HP: 7/46 [ogre/giant club (13)]
   537 | D:4      | Demolished by an ogre

Vault maps used:
D:1:      dpeg_chamrin_arrival_tetris
D:2:      lemuel_round_altar, first_bread
D:3:      gammafunk_temple_overflow_wave, lemuel_crystal_altar
D:4:      tso_oasis_becter, serial_bayou, serial_bayou_lagoon_b,
          serial_bayou_pond_b, serial_bayou_pond_e, serial_bayou_ford_a,
          serial_bayou_pond_a, uniq_sigmund, uniq_duvessa, uniq_grinder

Action                   |  1- 3 |  4- 6 || total
-------------------------+-------+-------++-------
Melee: Unarmed           |    34 |    38 ||    72
 Cast: Beastly Appendage |     1 |     3 ||     4
  Use: Potion            |       |     1 ||     1
  Eat: Chunk             |     2 |     6 ||     8

Vault maps used:
D:1:      dpeg_chamrin_arrival_tetris
D:2:      lemuel_round_altar, first_bread
D:3:      gammafunk_temple_overflow_wave, lemuel_crystal_altar
D:4:      tso_oasis_becter, serial_bayou, serial_bayou_lagoon_b,
          serial_bayou_pond_b, serial_bayou_pond_e, serial_bayou_ford_a,
          serial_bayou_pond_a, uniq_sigmund, uniq_duvessa, uniq_grinder

Table legend:
 A = Turns spent in this place as a percentage of turns spent in the entire game.
 B = Non-inter-level travel turns spent in this place as a percentage of non-inter-level travel turns spent in the entire game.
 C = Inter-level travel turns spent in this place as a percentage of turns spent in this place.
 D = Turns resting spent in this place as a percentage of non-inter-level travel turns spent in this place.
 E = Turns spent auto-exploring this place as a percentage of non-inter-level travel turns spent in this place.
 F = Non-inter-level travel turns spent in this place divided by the number of levels of this place that you've seen.
                   A       B       C       D       E      F
               +-------+-------+-------+-------+-------+----------------------
         Total | 100.0 | 100.0 |   0.0 |   0.0 |   0.2 | 108.5
       Dungeon | 100.0 | 100.0 |   0.0 |   0.0 |   0.2 | 108.5
               +-------+-------+-------+-------+-------+----------------------

Table legend:
 A = Kills in this place as a percentage of kills in entire the game.
 B = Kills by you in this place as a percentage of kills by you in the entire game.
 C = Kills by friends in this place as a percentage of kills by friends in the entire game.
 D = Other kills in this place as a percentage of other kills in the entire game.
 E = Experience gained in this place as a percentage of experience gained in the entire game.
 F = Experience gained in this place divided by the number of levels of this place that you have seen.
                   A       B       C       D       E      F
               +-------+-------+-------+-------+-------+----------------------
         Total | 100.0 | 100.0 |  -nan |  -nan | 100.0 |  88.8
       Dungeon | 100.0 | 100.0 |  -nan |  -nan | 100.0 |  88.8
               +-------+-------+-------+-------+-------+----------------------
